 Dungeon Crawl Stone Soup version 0.20.1-1-g8b1a95d (console) character file.

98 hilaritas the Skirmisher (level 4, -1/38 HPs)
             Began as a Barachi Fighter on Mar 11, 2018.
             Slain by ceb's ghost (12 damage)
             ... on level 3 of the Dungeon.
             The game lasted 00:04:51 (1853 turns).

hilaritas the Skirmisher (Barachi Fighter)          Turns: 1853, Time: 00:04:52

Health: -1/38      AC:  9    Str: 19    XL:     4   Next: 69%
Magic:  4/4        EV:  5    Int:  8    God:
Gold:   143        SH:  9    Dex: 11    Spells: 3/3 levels left

rFire    . . .     SeeInvis .   a - +1 long sword
rCold    . . .     Gourm    +   c - +0 shield
rNeg     + . .     Faith    .   r - +0 chain mail
rPois    .         Spirit   .   (no helmet)
rElec    .         Reflect  .   (no cloak)
rCorr    .         Harm     .   (no gloves)
MR       .....                  (no boots)
Stlth    ..........             w - amulet of the gourmand
Regen    0.2/turn               s - ring of positive energy
MPRegen  0.1/turn               (no ring)

@: slow
A: +LOS, swims, slowness 1, strong legs 1
a: Hop


You were on level 3 of the Dungeon.
You were not hungry.

You visited 1 branch of the dungeon, and saw 3 of its levels.

You collected 143 gold pieces.

Inventory:

Hand Weapons
 a - a +1 long sword (weapon)
 g - a +0 whip of electrocution
 h - a +2 dagger of speed
Missiles
 v - 6 javelins (quivered)
Armour
 c - a +0 shield (worn)
 r - a +0 chain mail (worn)
Jewellery
 s - a ring of positive energy (left hand)
 w - an amulet of the gourmand (around neck)
Wands
 q - a wand of random effects (29/48)
Scrolls
 b - 2 scrolls of teleportation
 n - a scroll of blinking
 t - a scroll of identify
Potions
 d - 2 potions of might
 e - 2 potions of haste
 k - a potion of flight
 l - a potion of lignification {unknown}
 m - a potion of curing {unknown}
 p - a potion of brilliance {unknown}
 u - a potion of mutation {unknown}
Comestibles
 f - 2 bread rations
 j - a royal jelly
 o - 2 meat rations


   Skills:
 + Level 4.5 Fighting
 * Level 4.4 Long Blades
 - Level 3.6 Armour
 + Level 3.8 Shields


You had 3 spell levels left.
You didn't know any spells.

Dungeon Overview and Level Annotations

Branches:
Dungeon (3/15)

Altars:
Kikubaaqudgha
Nemelex Xobeh

Annotations:
D:3 ceb's ghost, weakling DsFi


Innate Abilities, Weirdness & Mutations

Shadows flee at your approach. (+LOS)
You can swim through water.
You cover ground slowly.
You can hop short distances.


Message History

Ceb's ghost hits you.
You hit ceb's ghost but do no damage.
Ceb's ghost is heavily damaged.
Ceb's ghost hits you! You block ceb's ghost's attack.
Your shield and chain mail prevent you from hitting ceb's ghost.
Ceb's ghost is heavily damaged.
Ceb's ghost hits you!
You hit ceb's ghost.
Ceb's ghost is heavily damaged.
Ceb's ghost hits you but does no damage.
Your shield prevents you from hitting ceb's ghost.
Ceb's ghost is heavily damaged.
You block ceb's ghost's attack.
You closely miss ceb's ghost.
Ceb's ghost is heavily damaged.
You block ceb's ghost's attack.
You completely miss ceb's ghost.
Ceb's ghost is heavily damaged.
Ceb's ghost hits you. Ceb's ghost hits you!
You die...

###.### #.# #######.###
#.....# #.#########.#
#.###.# #.........#.# #.#
#.# #########.#.#
#.###.######### #.#.#
#.............# ##.#.#
#.#.#########.#####..#.##..
#.#.# #...............#
#.#.# #..###......##.##
#.#.########..##.......#
#.#..........@W.........#
#.##########..##....<.)##
#.# #.)###.....## #.# #..#
##...... #.##########..#
##.##... #.............#
....... ######.......##
###...# #.####### . #.# #.#
#.#


You could see ceb's ghost.

Vanquished Creatures
  Terence (D:2)
  2 adders (D:2)
  2 dart slugs
  A ball python (D:3)
  6 bats
  A bat zombie (D:2)
  5 giant cockroaches
  2 goblins
  3 hobgoblins
  3 jackals (D:2)
  5 frilled lizards
  11 kobolds
  6 rats
  4 rat zombies (D:2)
52 creatures vanquished.

Notes
Turn   | Place    | Note
-------+----------+-------------------------------------------
     0 | D:1      | hilaritas the Barachi Fighter began the quest for the Orb.
     0 | D:1      | Reached XP level 1. HP: 18/18 MP: 1/1
   271 | D:1      | Reached XP level 2. HP: 25/25 MP: 2/2
   612 | D:1      | Reached XP level 3. HP: 30/30 MP: 3/3
  1082 | D:2      | Noticed Terence
  1092 | D:2      | Killed Terence
  1092 | D:2      | Reached XP level 4. HP: 35/38 MP: 4/4
  1390 | D:2      | Found a sparkling altar of Nemelex Xobeh.
  1546 | D:2      | Found an ancient bone altar of Kikubaaqudgha.
  1839 | D:3      | Noticed ceb's ghost (weakling DsFi)
  1853 | D:3      | Slain by ceb's ghost

Skill      XL: |  1  2  3  4 |
---------------+-------------+-----
Long Blades    | 3 4 |  4.4
Fighting       | 4 |  4.5
Armour         | |  3.6
Shields        | |  3.8

Action                   |  1- 3 |  4- 6 || total
-------------------------+-------+-------++-------
Melee: Long sword        |    75 |    56 ||   131
  Use: Scroll            |     7 |     1 ||     8
  Eat: Chunk             |     1 |     8 ||     9
Armor: Scale mail        |    29 |     1 ||    30
       Chain mail        |       |    19 ||    19
Dodge: Dodged            |    23 |    14 ||    37
Block: Shield            |    40 |    30 ||    70
       Rpst.: Long sword |     5 |     4 ||     9
